 Dungeon Crawl Stone Soup version 0.26-a0-966-gd078a86f14 (webtiles) character file.

Game seed: 6878563815606998182

11127 Peloso the Carver (level 11, -8/94 HPs)
             Began as a Minotaur Fighter on Dec 3, 2020.
             Was a High Priest of Okawaru.
             Killed from afar by Erica (31 damage)
             ... with a lance of force
             ... on level 11 of the Dungeon.
             The game lasted 00:25:30 (10656 turns).

Peloso the Carver (Minotaur Fighter)               Turns: 10656, Time: 00:25:31

Health: -8/94      AC: 16    Str: 22      XL:     11   Next: 45%
Magic:  10/10      EV: 10    Int:  5      God:    Okawaru [*****.]
Gold:   347        SH: 14    Dex: 11 (12) Spells: 10/10 levels left

rFire    . . .     SeeInvis .   a - +5 scimitar (freeze)
rCold    . . .     Faith    .   c - +1 kite shield
rNeg     . . .     Spirit   .   L - +2 storm dragon scales
rPois    +         Reflect  .   (helmet restricted)
rElec    +         Harm     .   d - +0 cloak
rCorr    .         Rampage  .   q - +0 pair of gloves
MR       +....                  y - +0 pair of boots
Stlth    ..........             (no amulet)
HPRegen  0.25/turn              l - ring of poison resistance
MPRegen  0.12/turn              u - ring of protection from magic

@: corroded
A: retaliatory headbutt, horns 2
a: Heroism, Finesse, Renounce Religion


You were on level 11 of the Dungeon.
You worshipped Okawaru.
Okawaru was extremely pleased with you.
You visited 2 branches of the dungeon, and saw 12 of its levels.
You also visited: Sewer.

You collected 697 gold pieces.
You spent 350 gold pieces at shops.

Inventory:

Hand Weapons
 a - a +5 scimitar of freezing (weapon)
 b - a +1 whip of flaming
 Q - a +0 hand crossbow
Armour
 c - a +1 kite shield (worn)
 d - a +0 cloak (worn)
 n - the +5 scale mail of Henotheism {rC+ Stlth+}
   (You found it on level 5 of the Dungeon)

   It protects you from cold.
   It makes you more stealthy.
 q - a +0 pair of gloves (worn)
 v - a +0 chain mail
 y - a +0 pair of boots (worn)
 L - +2 storm dragon scales (worn)
Jewellery
 i - a +4 ring of evasion
 l - a ring of poison resistance (left hand)
 u - a ring of protection from magic (right hand)
 w - an uncursed ring of ice {unknown}
 C - an uncursed ring of wizardry
 F - an uncursed ring of flight
 G - an uncursed ring of protection from fire
 J - a cursed -4 ring of intelligence {unknown}
Wands
 z - a wand of paralysis (13)
 B - a wand of iceblast (15)
 I - a wand of polymorph (2)
Scrolls
 e - 6 scrolls of amnesia
 g - 2 scrolls of identify
 k - 3 scrolls of remove curse
 m - 2 scrolls of blinking
 o - a scroll of silence
 p - 2 scrolls of immolation
 s - a scroll of enchant armour
 t - 2 scrolls of teleportation
 x - 2 scrolls of fear {unknown}
 A - a scroll of enchant weapon
 D - 2 scrolls of magic mapping
 N - a scroll of noise {unknown}
 O - a scroll of vulnerability {unknown}
Potions
 f - 3 potions of resistance
 h - 8 potions of flight
 j - 4 potions of curing
 r - 2 potions of haste
 E - 4 potions of mutation
 H - a potion of brilliance
 K - a potion of berserk rage
 M - 2 potions of invisibility
 P - a potion of heal wounds


   Skills:
 + Level 8.1 Fighting
 + Level 12.7 Long Blades
 + Level 9.0 Armour
 + Level 5.5 Dodging
 + Level 0.6 Stealth
 + Level 12.4 Shields
 + Level 0.8 Invocations


You had 10 spell levels left.
You didn't know any spells.
Your spell library contained the following spells:

 Spells                   Type           Power        Failure   Level
 Blink                    Tloc           N/A          100%        2
 Gell's Gravitas          Tloc           #.........   100%        3
 Lesser Beckoning         Tloc           #.........   100%        3
 Teleport Other           Tloc           #.......     100%        3
 Passage of Golubria      Tloc           N/A          100%        4


Dungeon Overview and Level Annotations

Branches:
Dungeon (11/15)            Temple (1/1) D:6            Lair (0/6) D:9
  Sewer (visited)
    Orc: D:9-12

Altars:
Elyvilon
Fedhas
Okawaru
Qazlal
Uskayaw
Yredelemnul

Shops:
D:7 (

Annotations:
D:9 1 runed translucent door, caaleb's ghost, novice DsGl
D:10 dig
D:11 Erica


Innate Abilities, Weirdness & Mutations

You reflexively headbutt those who attack you in melee.
You have a pair of horns on your head.


Message History

Okawaru accepts your kill.
Unknown command.
You slash something! You freeze something. You headbutt something!
You hear a zap.
A bolt of acid appears from out of thin air!
The bolt of acid hits you but does no damage.
You are splashed with acid!
Unknown command.
You slice something!! You freeze something.
You hear a zap.
A bolt of acid appears from out of thin air!
The bolt of acid hits you! The acid corrodes you!
You are splashed with acid!
* * * LOW HITPOINT WARNING * * *
Unknown command.
The gargoyle hurls a stone arrow at you.
You block the stone arrow.
You hear some strange, mumbled words.
A lance of force appears from out of thin air!
The lance of force hits you!!
You die...

..... #.#......# .....####.
#.'......# .c.....#.
#.##.....####
......#.#######..#.........
#....#..........#....#####
#....#..........#....#
#...)#..........#....#
#...(##{#########.####
#....(9).@.(((....#
#..#############..# #..
#..# ## ####


You could see a gargoyle.

Vanquished Creatures
  3 death yaks (D:9)
  An unseen horror (D:10)
  Pikel (D:5)
  Maurice (D:10)
  Psyche (D:9)
  10 yaks
  A wyvern (D:9)
  Menkaure (D:5)
  3 black bears
  3 orc warriors
  A hornet zombie (D:8)
  4 ice beasts
  3 phantoms
  8 ogres
  6 centaurs
  A lemure (D:5)
  3 big kobolds
  5 bullfrogs
  A gnoll sergeant (D:5)
  A water moccasin zombie (D:5)
  4 scorpions
  13 wights
  A howler monkey (D:6)
  3 centaur zombies
  5 hounds
  3 jellies
  2 quasits
  4 orc priests
  2 bullfrog skeletons
  2 centaur skeletons
  Ijyb (D:3)
  Terence (D:2)
  2 iguanas
  7 orc wizards
  4 worker ants
  A bullfrog simulacrum (D:9)
  2 hound zombies (D:9)
  A hound skeleton (D:7)
  2 worker ant zombies
  10 gnolls
  9 adders
  2 river rats
  3 shadow imps
  4 white imps
  5 ufetubi
  2 oozes
  An adder zombie (D:5)
  An adder skeleton (D:9)
  8 worms
  2 dart slugs
  6 leopard geckos
  44 orcs
  A ball python (D:2)
  2 bats (D:3)
  10 giant cockroaches
  8 goblins
  10 hobgoblins
  7 jackals
  18 kobolds
  2 quokkas (D:10)
  8 frilled lizards
  A jackal zombie (D:7)
  A leopard gecko skeleton (D:7)
  A leopard gecko zombie (D:6)
  A quokka skeleton (D:10)
  A quokka zombie (D:5)
  11 rats
297 creatures vanquished.

Notes
Turn   | Place    | Note
-------+----------+-------------------------------------------
     0 | D:1      | Peloso the Minotaur Fighter began the quest for the Orb.
     0 | D:1      | Reached XP level 1. HP: 19/19 MP: 0/0
    78 | D:1      | You fall into a shaft and drop 1 floor!
    78 | D:2      | Noticed Terence
    95 | D:2      | Killed Terence
    96 | D:2      | Reached XP level 2. HP: 21/27 MP: 1/1
    96 | D:2      | Reached XP level 3. HP: 26/33 MP: 2/2
   571 | D:2      | Reached XP level 4. HP: 40/40 MP: 3/3
  1567 | D:3      | Reached XP level 5. HP: 44/47 MP: 4/4
  1683 | D:3      | Noticed Ijyb
  1869 | D:4      | Noticed a phantom
  1919 | D:4      | Killed a phantom
  1920 | D:4      | Reached skill level 5 in Long Blades
  1920 | D:4      | Reached skill level 1 in Dodging
  1920 | D:4      | Reached skill level 5 in Shields
  1966 | D:4      | Reached XP level 6. HP: 39/53 MP: 5/5
  2255 | D:4      | Reached skill level 5 in Armour
  2364 | D:4      | Reached XP level 7. HP: 60/60 MP: 6/6
  2458 | D:3      | Reached skill level 5 in Fighting
  3291 | D:3      | Killed Ijyb
  3480 | D:5      | Entered Level 5 of the Dungeon
  3488 | D:5      | Noticed Pikel
  3510 | D:5      | Killed Pikel
  3511 | D:5      | Reached XP level 8. HP: 16/69 MP: 7/7
  3771 | D:5      | Found a glowing drain.
  3779 | Sewer    | Entered a sewer
  4031 | Sewer    | Found a white marble altar of Elyvilon.
  4153 | D:5      | Got a faintly humming scale mail
  4164 | D:5      | Identified the +5 scale mail of Henotheism {rC+ Stlth+}
                  | (You found it on level 5 of the Dungeon)
  4735 | D:5      | Noticed Menkaure
  4745 | D:5      | Killed Menkaure
  4936 | D:6      | Found a staircase to the Ecumenical Temple.
  4942 | D:6      | Reached XP level 9. HP: 66/75 MP: 8/8
  4957 | Temple   | Entered the Ecumenical Temple
  4993 | Temple   | Became a worshipper of Warmaster Okawaru
  5958 | D:7      | Reached * piety under Okawaru
  6374 | D:7      | Found Oxeumm's Antique Weapon Emporium.
  6402 | D:7      | Bought a runed long sword for 175 gold pieces
  6406 | D:7      | Bought a runed long sword for 175 gold pieces
  7021 | D:8      | Reached skill level 10 in Long Blades
  7029 | D:8      | Reached skill level 10 in Shields
  7357 | D:8      | Found a stormy altar of Qazlal.
  7901 | D:9      | Reached XP level 10. HP: 56/84 MP: 7/9
  8023 | D:9      | Noticed a death yak
  8024 | D:9      | Noticed a death yak
  8025 | D:9      | Found a staircase to the Lair.
  8025 | D:9      | Noticed a death yak
  8064 | D:9      | Killed a death yak
  8064 | D:9      | Reached ** piety under Okawaru
  8078 | D:9      | Killed a death yak
  8093 | D:9      | Killed a death yak
  8433 | D:9      | Reached skill level 5 in Dodging
  8520 | D:9      | Noticed Psyche
  8540 | D:9      | Killed Psyche
  8540 | D:9      | Reached *** piety under Okawaru
  8770 | D:9      | Found a runed translucent door.
  8772 | D:9      | Noticed caaleb's ghost (novice DsGl)
  8772 | D:9      | Noticed a five-headed hydra
  8885 | D:9      | Found a basalt altar of Yredelemnul.
  9067 | D:9      | Reached **** piety under Okawaru
  9068 | D:9      | Reached XP level 11. HP: 93/93 MP: 10/10
  9255 | D:10     | Entered Level 10 of the Dungeon
 10031 | D:10     | Killed an unseen horror
 10090 | D:10     | Noticed Maurice
 10198 | D:10     | Killed Maurice
 10198 | D:10     | Reached ***** piety under Okawaru
 10631 | D:11     | Noticed Erica
 10656 | D:11     | Killed from afar by Erica

Illustrated notes

Levels and vault maps discovered:
D:1:      scummos_arrival_forest, layout_loops_ring
D:2:      layout_loops_cross, guppyfry_early_orc_mine, uniq_terence
D:3:      layout_rooms, uniq_ijyb
D:4:      minmay_opposing_rooms, layout_basic
D:5:      layout_loops_cross, gup_sewer_entry_bubbles, uniq_menkaure, uniq_pikel
D:6:      layout_gridville, minmay_temple_entry_mini_moons
D:7:      layout_basic, serial_shops, nicolae_shop_statue_plus,
          kennysheep_generic_room_4
D:8:      layout_loops_corners, kennysheep_mini, st_stairs_13
D:9:      layout_basic, dpeg_lair_monsters, ebering_ghost_inner_flame,
          hex_large, fountainhead, hangedman_weighted_door,
          yredelemnul_altar_generic, uniq_psyche
D:10:     layout_grid_maze, onia_ninara_dug_in_and_dangerous, uniq_maurice
D:11:     layout_irregular_city, kennysheep_orc_monster_closet_entryway,
          nicolae_transmutations_shop, uniq_fannar, uniq_snorg, uniq_erica
Temple:   regret_index_temple_sigil_plot

Skill      XL: |  1  2  3  4  5  6  7  8  9 10 11 |
---------------+----------------------------------+-----
Fighting       | 4 5 6 7 8 |  8.1
Armour         | 4 5 6 7 8 9 |  9.0
Shields        | 4 5 7 9 10 11 12 | 12.4
Long Blades    | 3 4 5 7 8 10 12 | 12.7
Dodging        | 1 2 4 5 |  5.5
Stealth        | |  0.6
Invocations    | |  0.8

Action                   |  1- 3 |  4- 6 |  7- 9 | 10-12 || total
-------------------------+-------+-------+-------+-------++-------
Melee: Long sword        |    70 |   157 |   390 |   165 ||   782
       Headbutt          |     9 |    36 |    90 |    75 ||   210
       Scimitar          |       |       |       |   146 ||   146
Invok: Heroism           |       |       |     1 |     3 ||     4
Evoke: Wand              |       |       |       |     3 ||     3
  Use: Potion            |     3 |     2 |     3 |     1 ||     9
       Scroll            |       |     6 |    10 |     3 ||    19
 Stab: Paralysed         |       |       |       |     2 ||     2
Armor: Scale mail        |    34 |    55 |    66 |    30 ||   185
       Chain mail        |       |       |   148 |       ||   148
       Storm dragon scal |       |       |       |    76 ||    76
Dodge: Dodged            |    24 |    69 |   139 |   111 ||   343
Block: Kite shield       |    45 |    89 |   305 |   265 ||   704
       Rpst.: Long sword |     6 |    24 |    40 |    23 ||    93
       Scimitar          |       |       |       |    17 ||    17

Table legend: (Time is in decaauts)
 A = Elapsed time spent in this place.
 B = Non-inter-level travel time spent in this place.
 C = Inter-level travel time spent in this place.
 D = Time resting spent in this place.
 E = Time spent auto-exploring this place.
 F = Levels seen in this place.
 G = Mean time per level.
                   A        B        C        D        E       F      G
               +--------+--------+--------+--------+--------+-----+--------+
         Total |  10707 |  10368 |    339 |    826 |   6774 |  13 |  823.6 |
       Dungeon |  10343 |  10004 |    339 |    679 |   6635 |  11 |  940.3 |
        Temple |     45 |     45 |      0 |      0 |     26 |   1 |   45.0 |
         Sewer |    317 |    317 |      0 |    147 |    113 |   1 |  317.0 |
               +--------+--------+--------+--------+--------+-----+--------+

Top non-repeatable levels by time:
     D:8: 1243 daAuts
    D:10: 1221 daAuts
     D:4: 1213 daAuts
     D:9: 1205 daAuts
     D:5: 1143 daAuts
     D:7: 958 daAuts
     D:6: 926 daAuts
     D:3: 847 daAuts
     D:2: 765 daAuts
     D:1: 728 daAuts
   Sewer: 317 daAuts
    D:11: 88 daAuts
  Temple: 45 daAuts
